 Dungeon Crawl Stone Soup version 0.26-a0-1131-g5f66e2dd50 (webtiles) character file.

Game seed: 365301646490882127

11416 Adamkad1 the Blocker (level 12, -8/94 HPs)
             Began as a Formicid Fighter on Dec 19, 2020.
             Was an Initiate of Gozag.
             Killed from afar by a fire dragon (25 damage)
             ... with a blast of flame
             ... on level 14 of the Dungeon.
             The game lasted 00:19:08 (10303 turns).

Adamkad1 the Blocker (Formicid Fighter)            Turns: 10303, Time: 00:19:09

Health: -8/94      AC: 25    Str: 25 (28) XL:     12   Next: 7%
Magic:  12/12      EV:  7    Int: 10 (13) God:    Gozag
Gold:   854        SH: 13    Dex:  9 (12) Spells: 11/11 levels left

rFire    . . .     SeeInvis +   m - +2 quarterstaff (chaos)
rCold    + . .     Faith    .   c - +0 kite shield
rNeg     . . .     Spirit   .   h - +3 plate armour {rC+}
rPois    .         Reflect  .   (helmet unavailable)
rElec    +         Harm     .   k - +2 cloak
rCorr    .         Rampage  .   B - +0 pair of gloves
Will     ++...     Clarity  +   y - +2 pair of boots
Stlth    ..........             (no amulet)
HPRegen  0.25/turn              n - ring of willpower
MPRegen  0.13/turn              t - ring of the Final Decision {*Tele rElec Int+5 Dex+2 Slay-2}

@: brilliant
A: permanent stasis, dig shafts and tunnels, four strong arms, antennae 3,
clarity, strong 1, wild magic 1
a: Dig, Shaft Self, Renounce Religion, Potion Petition, Call Merchant, Bribe
Branch


You were on level 14 of the Dungeon.
You worshipped Gozag.
Gozag was pleased with you.
You visited 2 branches of the dungeon, and saw 15 of its levels.

You collected 2093 gold pieces.
You spent 370 gold pieces at shops.
You paid 869 gold pieces to Gozag.

Inventory:

Hand Weapons
 a - a +1 quarterstaff
 m - a +2 quarterstaff of chaos (weapon)
 x - a +0 glaive of flaming
Armour
 c - a +0 kite shield (worn)
 h - a +3 plate armour of cold resistance (worn)
 k - a +2 cloak (worn)
 y - a +2 pair of boots (worn)
 B - a +0 pair of gloves (worn)
Jewellery
 n - a ring of willpower (left hand)
 t - the ring of the Final Decision (right hand) {*Tele rElec Int+5 Dex+2 Slay-2}
   (You found it on level 5 of the Dungeon)

   [ring of teleportation]

   It may teleport you next to monsters.
   It affects your intelligence (+5).
   It affects your dexterity (+2).
   It affects your accuracy and damage with ranged weapons and melee attacks
   (-2).
   It insulates you from electricity.
 M - an uncursed ring of resist corrosion
Wands
 g - a wand of polymorph (7)
 q - a wand of disintegration (17)
 r - a wand of flame (23)
 z - a wand of enslavement (8)
 L - a wand of digging (6)
Scrolls
 i - 5 scrolls of remove curse
 p - 5 scrolls of amnesia
 w - 3 scrolls of enchant weapon
 A - a scroll of magic mapping
 D - a scroll of acquirement {unknown}
 G - 2 scrolls of identify
 I - a scroll of silence
 K - 3 scrolls of enchant armour
 N - a scroll of fog
Potions
 b - a potion of haste
 d - 3 potions of might
 f - 2 potions of degeneration
 j - 4 potions of attraction
 l - a potion of mutation
 o - 3 potions of berserk rage
 s - 3 potions of cancellation
 u - a potion of brilliance
 v - 2 potions of magic
 C - a potion of ambrosia {unknown}
 E - a potion of invisibility
 F - a potion of flight {unknown}
 H - a potion of lignification {unknown}
 J - 2 potions of curing


   Skills:
 + Level 8.9 Fighting
 * Level 10.8 Staves
 + Level 8.8 Armour
 * Level 12.9 Shields


You had 11 spell levels left.
You didn't know any spells.
Your spell library contained the following spells:

 Spells                   Type           Power        Failure   Level
 Animate Skeleton         Necr           0%           99%         1
 Apportation              Tloc           0%           99%         1
 Corona                   Hex            0%           99%         1
 Magic Dart               Conj           0%           99%         1
 Pain                     Necr           0%           99%         1
 Summon Small Mammal      Summ           0%           99%         1
 Searing Ray              Conj           0%           100%        2
 Sublimation of Blood     Necr           0%           100%        2
 Dazzling Flash           Conj/Hex       0%           100%        3
 Mephitic Cloud           Conj/Pois/Air  0%           100%        3
 Fulminant Prism          Conj/Hex       0%           100%        4
 Iskenderun's Mystic Bla  Conj/Tloc      0%           100%        4
 Excruciating Wounds      Necr           0%           100%        5
 Orb of Destruction       Conj           0%           100%        7


Dungeon Overview and Level Annotations

Branches:
Dungeon (15/15)            Temple (1/1) D:6            Lair (0/6) D:9
 Depths (0/5) D:15
    Orc: D:9-12      Vaults: D:13-14

Altars:
Ashenzari
Fedhas
Gozag
Hepliaklqana
Kikubaaqudgha
Trog
Uskayaw
Vehumet
Yredelemnul
Zin

Shops:
D:6 (   D:7 *   D:9 }*   D:12 *

Annotations:
D:11 Harold
D:14 Agnes


Innate Abilities, Weirdness & Mutations

You cannot be hasted, slowed, berserked, paralysed or teleported.
You can dig through walls and to a lower floor.
Your four strong arms can wield two-handed weapons with a shield.
You have a pair of large antennae on your head. (SInv)
You possess an exceptional clarity of mind.
Your muscles are strong. (Str +2)
Your spells are a little harder to cast, but a little more powerful.


Message History

The fire dragon tramples you but does no damage.
It was a potion of berserk rage.
Your stasis prevents you from going berserk.
The fire dragon breathes flames at you. The blast of flame misses you.
You hear a shout!
It was a potion of mutation.
You feel extremely strange.
You feel less in control of your magic.
Your thoughts seem clearer.
You feel stronger.
A centaur warrior skeleton comes into view.
Agnes says, "I despise a dishonourable opponent."
The fire dragon bites you but does no damage.
The fire dragon claws you but does no damage.
You block the fire dragon's attack.
It was a potion of brilliance.
You feel clever all of a sudden. The fire dragon breathes flames at you.
The blast of flame hits you!!
You die...
Your body crumbles into a pile of gold.

#.⌠ { #.# ...Z #(# ..⌠$
###)## #.# #....# #### {
..# ### ###..# #... # #.#
#.# #..# #.## #.##.##$#
#.######..####.#
#.....ZZ###...........##.#
.......iTD@..............#
##...#######.#####....#####
#.# #.# #......... #
#.#######..#####
#.##............ $
#..##....##.###.###.
#..........# #.(.((
#..####..##.###.###. ...
#..##.....# #>


You could see Agnes, a fire dragon (strong, catching breath), a troll and 2
centaur warrior skeletons.

Vanquished Creatures
  Josephine (D:14)
  A centaur warrior (D:14)
  A two-headed ogre (D:14)
  An ogre mage (D:10)
  Pikel (D:6)
  Psyche (D:8)
  A gargoyle (D:14)
  A freezing wraith (D:10)
  A hornet (D:10)
  3 wraiths (D:14)
  3 humans
  5 yaks (D:9)
  A soldier ant (D:11)
  An acid dragon (D:14)
  A water moccasin (D:9)
  2 sky beasts
  A black bear (D:9)
  5 orc warriors
  A phantom (D:8)
  4 ogres
  3 ice beasts
  An eye of draining (D:11)
  11 centaurs
  3 big kobolds
  3 bullfrogs
  A gnoll sergeant (D:9)
  2 scorpions
  15 wights
  5 howler monkeys
  A quasit (D:10)
  A bullfrog zombie (D:10)
  4 hounds
  4 jellies
  10 orc wizards
  Crazy Yiuf (D:3)
  7 orc priests
  2 bullfrog skeletons
  A gnoll shaman (D:7)
  An iguana (D:9)
  Ijyb (D:3)
  7 worker ants
  A hound zombie (D:5)
  2 hound skeletons
  13 gnolls
  9 adders
  A shadow imp (D:6)
  5 white imps
  3 oozes
  2 worms
  5 dart slugs
  5 leopard geckos
  53 orcs
  3 giant cockroaches
  5 goblins
  5 hobgoblins
  24 jackals
  30 kobolds
  2 quokkas
  8 bats
  A frilled lizard (D:3)
  A goblin zombie (D:2)
  2 kobold zombies (D:2)
  2 leopard gecko skeletons
  A leopard gecko zombie (D:6)
  7 rats
310 creatures vanquished.

Vanquished Creatures (others)
  An orc wizard (D:4)
  5 fungi (D:9)
  5 plants
11 creatures vanquished.

Grand Total: 321 creatures vanquished

Notes
Turn   | Place    | Note
-------+----------+-------------------------------------------
     0 | D:1      | Adamkad1 the Formicid Fighter began the quest for the Orb.
     0 | D:1      | Reached XP level 1. HP: 18/18 MP: 1/1
   106 | D:1      | Reached XP level 2. HP: 24/24 MP: 2/2
   184 | D:1      | Reached skill level 4 in Shields
   330 | D:1      | Reached XP level 3. HP: 24/29 MP: 3/3
   903 | D:2      | Reached XP level 4. HP: 36/36 MP: 4/4
  1167 | D:2      | Found a runed translucent door.
  1167 | D:2      | Noticed a human
  1180 | D:2      | Found a basalt altar of Yredelemnul.
  1219 | D:2      | Killed a human
  1220 | D:2      | Reached skill level 5 in Shields
  1220 | D:2      | Reached XP level 5. HP: 36/42 MP: 5/5
  1220 | D:2      | Reached XP level 6. HP: 42/48 MP: 6/6
  2029 | D:3      | Found a runed translucent door.
  2030 | D:3      | Noticed Crazy Yiuf
  2195 | D:3      | Noticed Ijyb
  2224 | D:3      | Killed Ijyb
  2526 | D:3      | Killed Crazy Yiuf
  2612 | D:4      | Noticed an ogre
  2628 | D:4      | Killed an ogre
  2629 | D:4      | Reached skill level 6 in Shields
  2629 | D:4      | Reached XP level 7. HP: 46/55 MP: 7/7
  2684 | D:4      | Found an ancient bone altar of Kikubaaqudgha.
  2685 | D:4      | Found a glowing silver altar of Zin.
  2687 | D:4      | Found a hide-covered altar of Uskayaw.
  2688 | D:4      | Found a broken altar of Ashenzari.
  3027 | D:4      | Found a bloodstained altar of Trog.
  3027 | D:4      | Found a radiant altar of Vehumet.
  3481 | D:5      | Entered Level 5 of the Dungeon
  3500 | D:5      | Identified the Volume of Excruciating Unholy Rites
  3526 | D:5      | Got a translucent wooden ring
  3599 | D:5      | Reached skill level 5 in Staves
  3601 | D:5      | Identified the ring of the Final Decision {*Tele rElec
                  | Int+5 Dex+2 Slay-2} (You found it on level 5 of the
                  | Dungeon)
  3736 | D:5      | Reached XP level 8. HP: 61/61 MP: 8/8
  4077 | D:6      | Found Toja's Hydra Hut.
  4078 | D:6      | Noticed a six-headed hydra
  4088 | D:6      | Reached skill level 5 in Fighting
  4088 | D:6      | Reached skill level 5 in Armour
  4088 | D:6      | Reached skill level 7 in Shields
  4090 | D:6      | Bought a +0 glaive of flaming for 150 gold pieces
  4175 | D:6      | Found a staircase to the Ecumenical Temple.
  4238 | D:6      | Noticed Pikel
  4255 | D:6      | Killed Pikel
  4256 | D:6      | Reached skill level 8 in Shields
  4300 | Temple   | Entered the Ecumenical Temple
  4330 | Temple   | Became a worshipper of Gozag Ym Sagoz the Greedy
  4396 | D:6      | Reached XP level 9. HP: 68/68 MP: 9/9
  5304 | D:7      | Reached skill level 9 in Shields
  5375 | D:7      | Found Bismiyc's General Store.
  5420 | D:7      | Bought a scroll of remove curse for 42 gold pieces
  5980 | D:8      | Noticed Psyche
  5981 | D:8      | Identified the cursed +0 chain mail of the Gloaming {rElec
                  | rF+ Dex+3 Stlth-}
  6112 | D:8      | Killed Psyche
  6113 | D:8      | Reached skill level 10 in Shields
  6113 | D:8      | Reached XP level 10. HP: 73/77 MP: 10/10
  6397 | D:8      | Found a glowing silver altar of Zin.
  6780 | D:9      | Found a staircase to the Lair.
  7207 | D:9      | Found Jausumur's Gadget Shoppe.
  7296 | D:9      | Found Fewechuh's General Store.
  7303 | D:9      | Bought a potion of curing for 51 gold pieces
  7303 | D:9      | Bought a scroll of enchant armour for 127 gold pieces
  7534 | D:9      | Reached skill level 11 in Shields
  7765 | D:10     | Entered Level 10 of the Dungeon
  7867 | D:10     | Noticed a freezing wraith
  7888 | D:10     | Killed a freezing wraith
  7889 | D:10     | Reached XP level 11. HP: 46/85 MP: 11/11
  7929 | D:10     | Noticed an ogre mage
  8112 | D:10     | Killed an ogre mage
  8153 | D:10     | Identified the +7 falchion of the Grave {pain, rN+}
  8523 | D:10     | Reached skill level 12 in Shields
  9025 | D:11     | Reached skill level 10 in Staves
  9127 | D:11     | Noticed Harold
  9147 | D:11     | You fall into a shaft and drop 1 floor!
  9158 | D:12     | Noticed a boulder beetle
  9182 | D:12     | You fall into a shaft and drop 3 floors!
  9182 | D:15     | Entered Level 15 of the Dungeon
  9182 | D:15     | Noticed a two-headed ogre
  9186 | D:15     | Noticed a tengu warrior
  9191 | D:15     | Noticed an eight-headed hydra
  9193 | D:15     | Noticed a red ugly thing
  9194 | D:15     | Noticed a red ugly thing
  9216 | D:15     | Noticed a cyclops
  9232 | D:15     | Noticed an orc sorcerer
  9262 | D:15     | Noticed a two-headed ogre
  9271 | D:15     | Found a staircase to the Depths.
  9277 | D:15     | Noticed a shining eye
  9278 | D:15     | Noticed a lindwurm
  9278 | D:15     | a shining eye changed into a lindwurm
  9282 | D:15     | Noticed a cyclops
  9284 | D:15     | Noticed a shining eye
  9304 | D:15     | Noticed a shock serpent
  9305 | D:15     | Noticed a centaur warrior
  9313 | D:14     | Noticed a centaur warrior
  9327 | D:14     | Killed a centaur warrior
  9715 | D:14     | Noticed Josephine
  9732 | D:14     | Killed Josephine
  9939 | D:14     | Noticed a two-headed ogre
  9957 | D:14     | Killed a two-headed ogre
  9958 | D:14     | Reached XP level 12. HP: 61/94 MP: 12/12
  9975 | D:14     | Noticed a two-headed ogre
 10282 | D:14     | Noticed a fire dragon
 10299 | D:14     | Noticed Agnes
 10302 | D:14     | Gained mutation: Your spells are a little harder to cast,
                  | but a little more powerful. [potion of mutation]
 10302 | D:14     | Gained mutation: You possess an exceptional clarity of
                  | mind. [potion of mutation]
 10302 | D:14     | Gained mutation: Your muscles are strong. (Str +2) [potion
                  | of mutation]
 10303 | D:14     | Killed from afar by a fire dragon

Illustrated notes

Levels and vault maps discovered:
D:1:      minmay_arrival_radiant_lines, layout_basic, chequers_jeans
D:2:      layout_loops_ring, dk_yredelemnul_ordeal
D:3:      layout_rooms, uniq_ijyb, uniq_crazy_yiuf_cottage
D:4:      layout_basic, minitemple, amethyst_overflow_temple_binary
D:5:      layout_cave_pools
D:6:      layout_loops_ring, temple_pool_b, doesnt_shop_hydraphobe, uniq_pikel
D:7:      layout_loops_ring, serial_shops, nicolae_shop_waterfront,
          kennysheep_generic_room_8
D:8:      layout_loops_ring, david_defended_altar_elf, uniq_psyche
D:9:      layout_cross, dpeg_oklobed_lair, serial_shops, shop, shop,
          minmay_misc_feat_square, minmay_puff
D:10:     layout_roguey, minmay_radiant
D:11:     layout_roguey, uniq_harold
D:12:     layout_roguey, david_orc_5, elyvilon_altar_4, uniq_frances
D:14:     layout_loops_ring, grunt_vaults_entry_tiered, serial_shops, shop,
          small_chamber_with_monster, einodemon_barbed_minivault,
          uniq_josephine, uniq_agnes
D:15:     hangedman_depths_entry_civil_slaughter, layout_loops_ring,
          lemuel_nasty_fountain, uniq_kirke, uniq_rupert, uniq_azrael
Temple:   regret_index_temple_sphere_string

Skill      XL: |  1  2  3  4  5  6  7  8  9 10 11 |
---------------+----------------------------------+-----
Shields        | 4 5 6 8 10 11 12 | 12.9
Staves         | 3 4 5 6 7 9 10 | 10.8
Fighting       | 4 5 6 7 8 |  8.9
Armour         | 4 5 6 7 8 |  8.8

Action                   |  1- 3 |  4- 6 |  7- 9 | 10-12 || total
-------------------------+-------+-------+-------+-------++-------
Melee: Quarterstaff      |    83 |   162 |   424 |   598 ||  1267
Invok: Call Merchant     |       |       |       |     1 ||     1
 Abil: Dig               |       |       |     6 |    14 ||    20
       Shaft Self        |       |       |       |     1 ||     1
  Use: Scroll            |       |     5 |    13 |     3 ||    21
       Potion            |       |       |       |     7 ||     7
 Stab: Confused          |       |       |     2 |       ||     2
       Paralysed         |       |       |     1 |     5 ||     6
       Distracted        |       |       |     1 |     3 ||     4
       Petrifying        |       |       |     1 |     1 ||     2
       Petrified         |       |       |       |     4 ||     4
Armor: Scale mail        |    37 |       |       |       ||    37
       Plate armour      |     2 |    71 |   153 |   239 ||   465
Dodge: Dodged            |    26 |    27 |    63 |   102 ||   218
Block: Kite shield       |    49 |    78 |   204 |   316 ||   647

Table legend: (Time is in decaauts)
 A = Elapsed time spent in this place.
 B = Non-inter-level travel time spent in this place.
 C = Inter-level travel time spent in this place.
 D = Time resting spent in this place.
 E = Time spent auto-exploring this place.
 F = Levels seen in this place.
 G = Mean time per level.
                   A        B        C        D        E       F      G
               +--------+--------+--------+--------+--------+-----+--------+
         Total |  10255 |   9992 |    263 |   2019 |   5199 |  15 |  683.7 |
       Dungeon |  10211 |   9960 |    251 |   2019 |   5175 |  14 |  729.4 |
        Temple |     43 |     31 |     12 |      0 |     24 |   1 |   43.0 |
               +--------+--------+--------+--------+--------+-----+--------+

Top non-repeatable levels by time:
     D:3: 1291 daAuts
     D:9: 1104 daAuts
     D:7: 1083 daAuts
    D:10: 998 daAuts
    D:14: 956 daAuts
     D:4: 879 daAuts
     D:6: 850 daAuts
     D:8: 744 daAuts
     D:2: 695 daAuts
     D:1: 668 daAuts
     D:5: 587 daAuts
    D:11: 192 daAuts
    D:15: 127 daAuts
  Temple: 43 daAuts
    D:12: 32 daAuts
